 Dungeon Crawl Stone Soup version 0.22-a0-880-gb7b0c8b (webtiles) character file.

45 jjfam the Skirmisher (level 3, -2/33 HPs)
             Began as a Minotaur Fighter on July 30, 2018.
             Slain by a gnoll
             ... wielding a +0 spear of venom
              (4 damage)
             ... on level 2 of the Dungeon.
             The game lasted 00:02:00 (825 turns).

jjfam the Skirmisher (Minotaur Fighter)              Turns: 825, Time: 00:02:02

Health: -2/33      AC:  7    Str: 21    XL:     3   Next: 42%
Magic:  2/2        EV:  7    Int:  5    God:
Gold:   74         SH:  9    Dex:  9    Spells: 2/2 levels left

rFire    . . .     SeeInvis .   a - +0 war axe
rCold    . . .     Gourm    .   c - +0 shield
rNeg     . . .     Faith    .   b - +0 scale mail
rPois    .         Spirit   .   (helmet restricted)
rElec    .         Reflect  .   (no cloak)
rCorr    .         Harm     .   (no gloves)
MR       .....                  (no boots)
Stlth    ..........             (no amulet)
HPRegen  0.11/turn              (no ring)
MPRegen  0.08/turn              (no ring)

@: lethally poisoned (-2 -> -22)
A: retaliatory headbutt, horns 2
a: no special abilities


You were on level 2 of the Dungeon.
You were not hungry.

You visited 1 branch of the dungeon, and saw 2 of its levels.

You collected 74 gold pieces.

Inventory:

Hand Weapons
 a - a +0 war axe (weapon)
Armour
 b - a +0 scale mail (worn)
 c - a +0 shield (worn)
Scrolls
 e - a scroll of enchant weapon {unknown}
 g - a scroll of fog {unknown}
 i - 2 scrolls of teleportation {unknown}
 j - a scroll of enchant armour {unknown}
 k - a scroll of identify {unknown}
 m - a scroll of magic mapping {unknown}
Potions
 d - a potion of might
 l - 2 potions of haste {unknown}
Comestibles
 f - 3 rations
 h - 4 chunks of flesh


   Skills:
 + Level 4.1 Fighting
 + Level 3.1 Axes
 + Level 4.1 Armour
 + Level 4.1 Shields


You had 2 spell levels left.
You didn't know any spells.
Your spell library was empty.

Dungeon Overview and Level Annotations

Branches:
Dungeon (2/15)

Altars:


Innate Abilities, Weirdness & Mutations

You reflexively headbutt those who attack you in melee.
You have a pair of horns on your head.


Message History

You are too injured to fight recklessly!
You are too injured to fight recklessly!
You closely miss the gnoll. You barely miss the gnoll.
You feel sick. The gnoll hits you with a whip!
* * * LOW HITPOINT WARNING * * *
The gnoll hits you from afar with a spear of venom.
* * * LOW HITPOINT WARNING * * *
You are more poisoned.
You block the gnoll's attack.
You are too injured to fight recklessly!
You are too injured to fight recklessly!
You are too injured to fight recklessly!
You are too injured to fight recklessly!
Your shield prevents you from hitting the gnoll.
You barely miss the gnoll.
* * * LOW HITPOINT WARNING * * *
You feel very sick. You block the gnoll's attack.
The gnoll hits you from afar with a spear of venom.
You die...

#.#.# #.# .#
#.# #$# #.#
..# #.###..#
#...#..#
##..#g.#
#.#.#g.#####
#.###@g......
## #.#..#####
... ..# .....
#.# ....###
.# .... .#
..# # ##


You could see 3 gnolls.

Vanquished Creatures
  2 dart slugs (D:1)
  A ball python (D:1)
  5 bats
  2 giant cockroaches (D:1)
  8 goblins (D:1)
  6 hobgoblins
  2 jackals (D:2)
  A frilled lizard (D:1)
  3 kobolds (D:1)
  4 rats (D:1)
34 creatures vanquished.

Notes
Turn   | Place    | Note
-------+----------+-------------------------------------------
     0 | D:1      | jjfam the Minotaur Fighter began the quest for the Orb.
     0 | D:1      | Reached XP level 1. HP: 19/19 MP: 0/0
   121 | D:1      | Reached XP level 2. HP: 25/27 MP: 1/1
   392 | D:1      | Reached XP level 3. HP: 33/33 MP: 2/2
   825 | D:2      | Slain by a gnoll

Vault maps used:
D:1:      evilmike_arrival_rings
D:2:      gammafunk_temple_overflow_wave

Skill      XL: |  1  2 |
---------------+-------+-----
Fighting       | 4 |  4.1
Armour         | 4 |  4.1
Shields        | 4 |  4.1
Axes           | 3 |  3.1

Action                   || total
-------------------------++-------
Melee: War axe           ||    75
       Headbutt          ||     9
Armor: Scale mail        ||    34
Dodge: Dodged            ||    24
Block: Shield            ||    47

Table legend:
 A = Spawn XP
 B = Non-spawn XP
 C = Spawn XP percentage of total XP
 D = Spawn monster count
 E = Non-spawn monster count
 F = Spawn count percentage of total count
 G = Total turns spent on level
                    A         B        C        D         E        F      G
               +---------+---------+-------+---------+---------+-------+---------
         Total |       0 |      65 |   0.0 |       0 |      34 |   0.0 |   825
               +---------+---------+-------+---------+---------+-------+---------
           D:1 |       0 |      55 |   0.0 |       0 |      29 |   0.0 |   689
           D:2 |       0 |      10 |   0.0 |       0 |       5 |   0.0 |   136
               +---------+---------+-------+---------+---------+-------+---------
